 Dungeon Crawl Stone Soup version 0.31.0-32-g396128a36d (webtiles) character file.

Game seed: 2212240945781288702

12975 zurenarrh the Thaumaturge (level 12, -1/91 HPs)
             Began as a Djinni Air Elementalist on Mar 11, 2024.
             Was an Initiate of Gozag.
             Slain by a spectral redback (10 damage)
             ... called from beyond by a ghost crab
             ... in a Gauntlet on Mar 12, 2024.
             The game lasted 00:36:26 (14437 turns).

zurenarrh the Thaumaturge (DjAE)                   Turns: 14437, Time: 00:36:27

Health: -1/91      AC:  2    Str:  7    XL:     12   Next: 26%
Gold:   625        EV: 18    Int: 20    God:    Gozag SH:  7 Dex: 22

rFire   + + .        p - +6 shillelagh "Devastator" {shatter}
rCold   x . .        E - +0 buckler
rNeg    . . .        a - +0 robe
rPois   ∞            (no helmet)
rElec   .            B - scarf {repulsion}
rCorr   .            (no gloves)
SInv    .            (boots unavailable)
Will    +....        (no amulet)
Stlth   ++           t - +6 ring of dexterity
HPRegen 0.35/turn    (no ring)
MPRegen 0.00/turn

%: no teleportation, repel missiles, infuse magic (-2 HP)
@: swift (expiring), flying, quick
A: sickness immunity, fire resistance 2, cold vulnerability 1, float, innate
caster, HP casting, extra vitality 1
a: Renounce Religion, Potion Petition, Call Merchant, Bribe Branch


You were in a Gauntlet.
You worshipped Gozag.
Gozag was pleased with you.
You visited 2 branches of the dungeon, and saw 12 of its levels.
You also visited: Gauntlet.

You collected 1702 gold pieces.
You spent 88 gold pieces at shops.
You paid 989 gold pieces to Gozag.

Inventory:

Hand Weapons
 f - a +0 whip
 l - a +1 dagger of venom
 m - a +3 hammer of venom
 p - the +6 shillelagh "Devastator" (weapon) {shatter}
   (You found it on level 2 of the Dungeon)
Missiles
 s - 2 throwing nets
Armour
 a - a +0 robe (worn)
 j - a scarf of shadows
 o - a +0 cloak
 B - a scarf of repulsion (worn)
 D - a +0 tower shield
 E - a +0 buckler (worn)
 M - the +1 hat "Dinerutt" {Will+ Stlth+}
   (You found it in a Gauntlet)

   Will+:     It increases your willpower.
   Stlth+:    It makes you more stealthy.
Magical Staves
 C - a staff of cold
Jewellery
 t - a +6 ring of dexterity (left hand)
 w - a ring of willpower
 G - a ring of protection from fire
 J - a +4 ring of protection
Wands
 h - a wand of flame (32)
 k - a wand of mindburst (13)
 v - a wand of iceblast (6)
 H - a wand of paralysis (15)
Scrolls
 d - 5 scrolls of teleportation
 i - 3 scrolls of fear
 y - a scroll of poison
 I - a scroll of enchant armour
 K - a scroll of identify
 L - a scroll of enchant weapon
Potions
 b - 6 potions of enlightenment
 c - 3 potions of brilliance
 e - 4 potions of mutation
 g - 4 potions of might
 n - a potion of resistance
 q - 3 potions of attraction
 r - a potion of lignification
 u - a potion of berserk rage
 x - a potion of cancellation
 z - 2 potions of curing
 F - a potion of haste


   Skills:
 - Level 10.1 Fighting
 - Level 9.0 Dodging
 - Level 2.0 Stealth
 * Level 6.4 Shields
 - Level 11.1 Spellcasting
 - Level 11.1 Conjurations
 - Level 11.1 Hexes
 - Level 11.1 Summonings
 - Level 11.1 Necromancy
 - Level 11.1 Translocations
 - Level 11.1 Fire Magic
 - Level 11.1 Ice Magic
 - Level 11.1 Air Magic
 - Level 11.1 Earth Magic
 - Level 11.1 Alchemy


You knew the following spells:

 Your Spells              Type           Power      Damage    Failure   Level
a - Shock                 Conj/Air       100%       1d9       1%          1
b - Static Discharge      Conj/Air       100%       3-8/arc   1%          2
c - Swiftness             Air            54%        N/A       1%          3
d - Airstrike             Air            27%        2d(4-20)  1%          4
e - Freeze                Ice            100%       1d10      1%          1
f - Ensorcelled Hibernat  Hex/Ice        100%       N/A       1%          2
g - Teleport Other        Tloc           54%        N/A       1%          3
h - Inner Flame           Hex/Fire       54%        N/A       1%          3
i - Metabolic Englaciati  Hex/Ice        27%        N/A       2%          5
Your spell library was empty.

Dungeon Overview and Level Annotations

Branches:
Dungeon (11/15)            Temple (1/1) D:6            Lair (0/5) D:8
Gauntlet (1/1)
    Orc: D:9-12

Altars:
Ashenzari
Cheibriados
Dithmenos
Elyvilon
Fedhas
Gozag
Hepliaklqana
Makhleb
Nemelex Xobeh
Okawaru
Qazlal
Ru
Trog
Uskayaw
Wu Jian
Xom
Yredelemnul
Zin
The Shining One

Shops:
D:1 !

Annotations:
Gauntlet 8 transporters


Innate Abilities, Weirdness & Mutations

You are immune to sickness and miasma.
You are immune to poison.
Your flesh is very heat resistant. (rF++)
You are vulnerable to cold. (rC-)
You float through the air rather than walking.
You learn spells naturally, not from books.
Your magical power is your life essence.
You have superior vitality. (+4 MHP)


Message History

HP restored.
There is a transporter here.
You enter the transporter and appear at another place.
Casting: Airstrike (mildly dangerous; 1% risk of failure)
Confirm with . or Enter, or press ? or * to list all spells.
You feel quick.
The ghost crab breathes spectral mist at you.
The spectral mist engulfs you.
You are engulfed in spectral mist.
You block the spectral redback's attack.
You are engulfed in spectral mist.
The spectral redback misses you.
You see here a ring of willpower.
w - a ring of willpower You are engulfed in spectral mist.
The spectral redback bites you but does no damage.
The spectral redback closely misses you.
The spectral meliai hits you! The spectral meliai hits you.
The spectral redback attacks as it pursues you!
The spectral redback misses you. The spectral meliai hits you!
The spectral meliai hits you.
There is a transporter here.
You barely miss the spectral meliai.
The spectral meliai hits you but does no damage.
The spectral meliai barely misses you. The spectral redback misses you.
The spectral lindwurm bites you.
The spectral lindwurm completely misses you.
The spectral lindwurm claws you! The spectral meliai hits you!
* * * LOW HITPOINT WARNING * * *
The spectral meliai closely misses you. The spectral redback bites you.
* * * LOW HITPOINT WARNING * * *
The spectral lindwurm closely misses you.
The spectral lindwurm claws you.
* * * LOW HITPOINT WARNING * * *
The spectral lindwurm claws you.
* * * LOW HITPOINT WARNING * * *
You enter the transporter and appear at another place.
You start to feel a little slower.
The spectral redback bites you!
You die...
Your body crumbles into a pile of gold.

####.##...##.#...#..#.#Z#..#..#
...#..##.##..#...#.#.#.#.#.#..###
.8.#..??©....#...#..[?§.Z..#..#8#
...###########...###########..###
...............§§§............#
..............≈∩§............≈#
###############################
8# #8##≈...............≈##8# ##
####8.8.8..©Z@Z.8.8.8####
#≈........t......§#
#####.###.###.##### #.# #.# #.# .
.. ... .## . .


You could see a ghost crab, a spectral lindwurm (summoned) and a spectral
redback (summoned).

Vanquished Creatures
  Harold (D:10)
  Erolcha (D:10)
  2 two-headed ogres
  The ghost of Athor the Nimble, a novice FeFi (D:8)
  A manticore (D:8)
  2 cyclopes
  An elephant (D:8)
  2 kobold demonologists (D:10)
  Psyche (D:10)
  A harpy zombie (Gauntlet)
  A hornet (D:8)
  Prince Ribbit (D:5)
  A raiju (shapeshifter) (D:8)
  Sigmund (D:5)
  A yak (D:8)
  A basilisk (D:8)
  2 steam dragons (D:8)
  2 acid dragons (D:10)
  3 water moccasins
  6 orc warriors
  A black bear (D:8)
  3 ice beasts
  2 sky beasts
  3 centaurs
  5 phantoms
  12 kobold brigands
  A gnoll sergeant (D:9)
  4 bullfrogs
  4 scorpions
  12 wights
  13 killer bees
  3 bombardier beetles
  2 howler monkeys (D:8)
  2 hounds
  A jelly (D:8)
  5 orc priests
  Crazy Yiuf (D:2)
  7 orc wizards
  Terence (D:2)
  6 iguanas
  Natasha (thrice) (D:2)
  Ijyb (D:4)
  11 gnolls
  9 adders
  4 white imps
  2 ufetubi (D:5)
  3 dart slugs
  3 ribbon worms
  35 orcs
  11 endoplasms
  4 giant cockroaches
  8 goblins
  4 hobgoblins
  2 jackals (D:3)
  12 kobolds
  2 quokkas
  10 ball pythons
  8 bats
  8 frilled lizards
  8 rats
268 creatures vanquished.

Notes
Turn   | Place    | Note
-------+----------+-------------------------------------------
     0 | D:1      | zurenarrh the Djinni Air Elementalist began the quest for
                  | the Orb.
     0 | D:1      | zurenarrh set off with the following spells memorised:
                  | Shock, Static Discharge, Swiftness, Airstrike.
     0 | D:1      | Reached XP level 1. HP: 15/15 MP: 0/0
   169 | D:1      | Reached XP level 2. HP: 16/21 MP: 0/0
   427 | D:1      | Found Utefumarao's Distillery.
   487 | D:1      | Reached XP level 3. HP: 23/25 MP: 0/0
   487 | D:1      | Learned a level 1 spell: Freeze
   569 | D:1      | Found a faded altar of an unknown god.
   876 | D:2      | Found a stormy altar of Qazlal.
   988 | D:2      | Reached XP level 4. HP: 31/31 MP: 0/0
  1007 | D:2      | Noticed Natasha
  1012 | D:2      | Killed Natasha
  1114 | D:2      | Found a runed translucent door.
  1114 | D:2      | Found the +6 shillelagh "Devastator" {shatter}
  1115 | D:2      | Noticed Crazy Yiuf
  1154 | D:2      | Noticed Terence
  1161 | D:2      | Killed Terence
  1162 | D:2      | Reached XP level 5. HP: 8/35 MP: 0/0
  1162 | D:2      | Learned a level 2 spell: Ensorcelled Hibernation
  1330 | D:2      | Noticed Natasha
  1334 | D:2      | Killed Natasha
  1506 | D:2      | Noticed Natasha
  1511 | D:2      | Killed Natasha
  1512 | D:2      | Reached skill level 5 in Spellcasting
  1512 | D:2      | Reached skill level 5 in Conjurations
  1512 | D:2      | Reached skill level 5 in Hexes
  1512 | D:2      | Reached skill level 5 in Summonings
  1512 | D:2      | Reached skill level 5 in Necromancy
  1512 | D:2      | Reached skill level 5 in Translocations
  1512 | D:2      | Reached skill level 5 in Fire Magic
  1512 | D:2      | Reached skill level 5 in Ice Magic
  1512 | D:2      | Reached skill level 5 in Air Magic
  1512 | D:2      | Reached skill level 5 in Earth Magic
  1512 | D:2      | Reached skill level 5 in Alchemy
  1823 | D:2      | Killed Crazy Yiuf
  1824 | D:2      | Reached XP level 6. HP: 15/40 MP: 0/0
  2674 | D:3      | Reached XP level 7. HP: 61/61 MP: 0/0
  2674 | D:3      | Learned a level 3 spell: Teleport Other
  2803 | D:4      | Noticed Ijyb
  2805 | D:4      | Killed Ijyb
  2806 | D:4      | Reached XP level 8. HP: 58/67 MP: 0/0
  3637 | D:1      | Bought a potion of attraction for 33 gold pieces
  3637 | D:1      | Bought a potion of heal wounds for 55 gold pieces
  3701 | D:5      | Entered Level 5 of the Dungeon
  3754 | D:5      | Noticed Sigmund
  3893 | D:5      | Noticed Prince Ribbit
  3897 | D:5      | Killed Prince Ribbit
  4005 | D:5      | Noticed a two-headed ogre
  4028 | D:5      | Killed a two-headed ogre
  4029 | D:5      | Reached XP level 9. HP: 61/72 MP: 0/0
  4029 | D:5      | Learned a level 3 spell: Inner Flame
  4191 | D:5      | Killed Sigmund
  4192 | D:5      | Reached skill level 10 in Spellcasting
  4192 | D:5      | Reached skill level 10 in Conjurations
  4192 | D:5      | Reached skill level 10 in Hexes
  4192 | D:5      | Reached skill level 10 in Summonings
  4192 | D:5      | Reached skill level 10 in Necromancy
  4192 | D:5      | Reached skill level 10 in Translocations
  4192 | D:5      | Reached skill level 10 in Fire Magic
  4192 | D:5      | Reached skill level 10 in Ice Magic
  4192 | D:5      | Reached skill level 10 in Air Magic
  4192 | D:5      | Reached skill level 10 in Earth Magic
  4192 | D:5      | Reached skill level 10 in Alchemy
  5061 | D:6      | Found a staircase to the Ecumenical Temple.
  5328 | Temple   | Entered the Ecumenical Temple
  5385 | Temple   | Became a worshipper of Gozag Ym Sagoz the Greedy
  5548 | D:7      | Reached XP level 10. HP: 70/78 MP: 0/0
  6228 | D:7      | Reached skill level 5 in Dodging
  7299 | D:8      | Found a staircase to the Lair.
  7306 | D:8      | Noticed an elephant
  8180 | D:8      | Killed an elephant
  8312 | D:8      | Found a runed translucent gate.
  8313 | D:8      | Found a runed translucent gate.
  8314 | D:8      | Found a runed translucent gate.
  8318 | D:8      | Noticed Athor's ghost (novice FeFi)
  8332 | D:8      | Noticed a manticore
  8338 | D:8      | Killed a manticore
  8339 | D:8      | Reached XP level 11. HP: 34/84 MP: 0/0
  8339 | D:8      | Learned a level 5 spell: Metabolic Englaciation
  8796 | D:8      | Noticed a cyclops
  9249 | D:8      | Killed a cyclops
  9675 | D:8      | You are sucked into a shaft and drop 2 floors!
  9675 | D:10     | Entered Level 10 of the Dungeon
  9691 | D:10     | Noticed Erolcha
  9695 | D:10     | Killed Erolcha
  9696 | D:10     | Reached skill level 10 in Fighting
  9760 | D:10     | Noticed Psyche
  9763 | D:10     | Killed Psyche
 10059 | D:10     | Noticed a two-headed ogre
 10065 | D:10     | Killed a two-headed ogre
 10252 | D:10     | Noticed Harold
 10267 | D:10     | Killed Harold
 10734 | D:10     | Noticed a cyclops
 10736 | D:10     | Killed a cyclops
 11035 | D:10     | Reached skill level 1 in Shields
 11733 | D:9      | Paralysed by an orc wizard for 3 turns
 11833 | D:9      | Reached XP level 12. HP: 30/91 MP: 0/0
 12500 | D:8      | Killed Athor's ghost
 12501 | D:8      | Reached skill level 5 in Shields
 13874 | D:11     | Found a gate leading to a gauntlet.
 13889 | Gauntlet | Entered a Gauntlet
 13889 | Gauntlet | Noticed an arcanist
 13889 | Gauntlet | Found a transporter.
 13889 | Gauntlet | Found a transporter.
 13889 | Gauntlet | Found a transporter.
 13893 | Gauntlet | Noticed a death drake
 13893 | Gauntlet | Found a transporter.
 13895 | Gauntlet | Found a transporter.
 13896 | Gauntlet | Noticed a ghost crab
 13903 | Gauntlet | Found a transporter.
 13904 | Gauntlet | Noticed a catoblepas
 13971 | Gauntlet | Found a transporter.
 13991 | Gauntlet | Found a transporter.
 13996 | Gauntlet | Found a transporter.
 14006 | Gauntlet | Found a transporter.
 14021 | Gauntlet | Found a transporter.
 14027 | Gauntlet | Found a transporter.
 14141 | Gauntlet | Identified the +1 hat "Dinerutt" {Will+ Stlth+}
 14157 | Gauntlet | HP: 2/91 [harpy zombie (12)]
 14437 | Gauntlet | Slain by a spectral redback

Illustrated notes

Levels and vault maps discovered:
D:1:      dpeg_arrival_line_fractal, layout_loops_cross, serial_shops, shop,
          ebering_ecumenical_altar_rust, hangedman_glass_teeth,
          wad_floor_pattern_untrapped
D:2:      layout_basic, basic_altar, uniq_terence, uniq_crazy_yiuf_cottage,
          uniq_natasha
D:3:      layout_basic, minmay_door_square, guppyfry_early_lair_pool
D:4:      layout_basic, uniq_ijyb
D:5:      layout_rooms, st_stairs_10, uniq_sigmund, uniq_prince_ribbit1
D:6:      layout_rooms, temple_statues
D:7:      layout_basic, nicolae_concentric_dashed_squares_mild
D:8:      nzn_winding_woodlands_cross [nzn_winding_woodlands_5x15_default,
          nzn_winding_woodlands_5x15_default, nzn_winding_woodlands_5x15_pool,
          nzn_winding_woodlands_5x15_longhouse,
          nzn_winding_woodlands_15x15_boxy_spiral], layout_basic,
          david_lair_generic, gammafunk_ghost_nasty_kobolds,
          roderic_roman_lattice
D:9:      layout_basic
D:10:     layout_cave_pods, nicolae_kikubaaqudgha_miasma_corner, uniq_psyche,
          uniq_harold, uniq_erolcha
D:11:     layout_long_grid, serial_shops, nicolae_shop_gibbet_a_chance,
          gauntlet_entry_generic, minmay_mirror_moons_of_madness
Temple:   kilobyte_greek_temple
Gauntlet: gammafunk_gauntlet_shortcut [gammafunk_gauntlet_arena_split_x,
          gammafunk_gauntlet_arena_grid, gammafunk_gauntlet_arena_corners,
          gammafunk_gauntlet_arena_spirals, nicolae_gauntlet_arena_flowing_pool,
          gammafunk_gauntlet_arena_split_diamond, gauntlet_exit_watery]

Skill      XL: |  1  2  3  4  5  6  7  8  9 10 11 12 |
---------------+-------------------------------------+-----
Stealth        | 2 |  2.0
Spellcasting   | 4 5 9 10 11 | 11.1
Conjurations   | 4 5 9 10 11 | 11.1
Hexes          | 4 5 9 10 11 | 11.1
Summonings     | 4 5 9 10 11 | 11.1
Necromancy     | 4 5 9 10 11 | 11.1
Translocations | 4 5 9 10 11 | 11.1
Fire Magic     | 4 5 9 10 11 | 11.1
Ice Magic      | 4 5 9 10 11 | 11.1
Air Magic      | 4 5 9 10 11 | 11.1
Earth Magic    | 4 5 9 10 11 | 11.1
Alchemy        | 4 5 9 10 11 | 11.1
Fighting       | 9 10 | 10.1
Dodging        | 3 9 |  9.0
Shields        | 4 6 |  6.4

Action                     |  1- 3 |  4- 6 |  7- 9 | 10-12 || total
---------------------------+-------+-------+-------+-------++-------
  Melee: Shillelagh        |       |     3 |     6 |    20 ||    29
   Cast: Shock             |    53 |    84 |   146 |   216 ||   499
         Static Discharge  |     1 |    11 |     8 |    42 ||    62
         Airstrike         |       |     1 |    16 |    86 ||   103
         Inner Flame       |       |       |       |    11 ||    11
         Ensorcelled Hiber |       |       |       |     4 ||     4
         Swiftness         |       |       |       |     4 ||     4
         Metabolic Englaci |       |       |       |     1 ||     1
 Invoke: Potion Petition   |       |       |       |     3 ||     3
    Use: Scroll            |       |     9 |     4 |    12 ||    25
         Potion            |       |     1 |       |     2 ||     3
   Stab: Distracted        |       |       |       |     1 ||     1
         Sleeping          |       |       |       |     1 ||     1
 Armour: Robe              |     8 |    17 |    30 |   201 ||   256
  Dodge: Dodged            |     5 |     3 |     7 |   158 ||   173
  Block: Buckler           |       |       |       |    32 ||    32
